cohdb
Replays
Latest Replays
All Replays
Popular Replays
Top Player Replays
Match Explorer
How It Works
Community
CoH3 Stats
Reddit
Sign in to upload your games and track your stats! →
Sign in with Steam
Match 43116721
Unlisted
Match 43116721
Overview
Messages
Build Orders
End
Selects Canadian Shock Battlegroup
Construct Section Command Post
Vickers Machine Gun Team
Infantry Section
ML 3-inch Mortar Team
Construct Platoon Command Post
Infantry Section
Infantry Section
Grenade Package
Unlock M3 Stuart Light Tanks
Selects Attacking Spirit
Selects Canadian Shock Section
Canadian Shock Section
Construct Field Infirmary
Team Weapon Training
M3 Stuart Light Tank
Canadian Shock Section
Selects Burnout
Selects Pyrotechnics
Construct Company Command Post
Gabe_Real
Turtleboy
Mace
Phenomensky
Lewis The Revenant
Wander MOR
0
0
Comments
sign in to comment!
No comments posted yet!